 Dungeon Crawl Stone Soup version 0.21-a0-91-ga5031da (webtiles) character file.

1369 Lavandula the Bolt Thrower (level 8, -5/61 HPs)
             Began as a Mummy Arcane Marksman on June 29, 2017.
             Was an Initiate of Cheibriados.
             Slain by a hornet (10 damage)
             ... on level 7 of the Dungeon.
             The game lasted 00:28:06 (4785 turns).

Lavandula the Bolt Thrower (Mummy Arcane Marksman)  Turns: 4785, Time: 00:28:06

Health: -5/61      AC:  6    Str: 14    XL:     8   Next: 38%
Magic:  8/10       EV: 11    Int: 15    God:    Cheibriados [......]
Gold:   189        SH:  0    Dex: 14    Spells: 2/9 levels left

rFire    . . .     SeeInvis .   r - +5 short sword (freeze)
rCold    + . .     Gourm    .   (no shield)
rNeg     + + +     Faith    .   g - +0 ring mail
rPois    ∞         Spirit   .   (no helmet)
rElec    .         Reflect  .   (no cloak)
rCorr    .         Harm     .   q - +0 pair of gloves
MR       +....                  (no boots)
Stlth    +.........             (no amulet)
HPRegen  0.20/turn              (no ring)
MPRegen  0.12/turn              u - ring of protection from fire

@: very slow
A: no food or potions, fire vulnerability, cold resistance 1, negative energy
resistance 3, torment resistance, unbreathing
a: Bend Time, Renounce Religion


You were on level 7 of the Dungeon.
You worshipped Cheibriados.
Cheibriados was noncommittal.
You were not hungry.

You visited 2 branches of the dungeon, and saw 8 of its levels.
You also visited: Ossuary.

You collected 189 gold pieces.

Inventory:

Hand Weapons
 a - a +1 hand crossbow
 b - a +0 whip
 j - a +0 falchion
 k - a +0 dagger
 m - a +0 hunting sling
 n - a +0 spear
 p - a +0 rapier
 r - a +5 short sword of freezing (weapon)
 w - a +0 flail of draining
 x - a +0 quarterstaff
Missiles
 i - 11 sling bullets
Armour
 e - a +1 robe
 g - a +0 ring mail (worn)
 q - a +0 pair of gloves (worn)
Jewellery
 o - an uncursed ring of ice
 u - a ring of protection from fire (right hand)
Scrolls
 f - a scroll of fog
 l - 5 scrolls of remove curse
 t - a scroll of immolation
Books
 c - a book of Debilitation

   Spells                             Type                      Level
   a - Corona                         Hexes                        1
   b - Slow                           Hexes                        2
   c - Inner Flame                    Hexes/Fire                   3
   d - Portal Projectile              Hexes/Translocation          3
   e - Cause Fear                     Hexes                        4
   f - Leda's Liquefaction            Hexes/Earth                  4


   Skills:
 - Level 4.9 Fighting
 + Level 7.6 Crossbows
 - Level 1.5 Dodging
 - Level 1.4 Spellcasting
 - Level 2.9 Hexes


You had 2 spell levels left.
You knew the following spells:

 Your Spells              Type           Power        Failure   Level  Hunger
a - Corona                Hex            ##.....      14%         1    N/A
b - Slow                  Hex            ##......     22%         2    N/A
c - Cause Fear            Hex            ##........   80%         4    N/A

Dungeon Overview and Level Annotations

Branches:
Dungeon (7/15)             Temple (1/1) D:6

Altars:
Ashenzari
Cheibriados
Elyvilon
Fedhas
Gozag
Hepliaklqana
Okawaru
Qazlal
Ru
Trog
Vehumet
Wu Jian
Zin

Shops:
D:6 *

Annotations:
D:4 4 wizards!
D:6 exclusion: upstairs


Innate Abilities, Weirdness & Mutations

You do not eat or drink.
Your flesh is vulnerable to fire.
You are immune to poison.
Your flesh is cold resistant. (rC+)
You are immune to negative energy. (rN+++)
You are immune to unholy pain and torment.
You can survive without breathing.


Message History

Aim: a hornet (heavily wounded)
You shoot a bolt. The bolt closely misses the hornet.
The hornet stings you.
* * * LOW HITPOINT WARNING * * *
Firing (i - inventory): No suitable missiles.
Press: ? - help, Shift-Dir - straight line, f/p - hornet
Aim: a hornet (heavily wounded)
Okay, then.
Firing (i - inventory): No suitable missiles.
Press: ? - help, Shift-Dir - straight line, f/p - hornet
Aim: a hornet (heavily wounded)
Okay, then.
Firing (i - inventory): No suitable missiles.
Press: ? - help, Shift-Dir - straight line, f/p - hornet
Aim: a hornet (heavily wounded)
Okay, then.
Wield which item (- for none, * to show all)? (? for menu, Esc to quit)
Your +5 short sword of freezing glows with a cold blue light!
r - a +5 short sword of freezing (weapon)
The hornet stings you!
You die...

*#.###...######..,,,,,,,,
*..#..#...y.....,,..§.,,
*#.#.##.##....##,,#.._,,
#.#.#..##..#..#*,#.§..,
#.<.#.###.##*,.*,#..§.,
##..#.# #.# **,,,......
#....###.# ***,,*#...
#....y##.# **,*#...
#....@##.# *,,*,*#
#.....%..# **,*,*#
#......### *,*,* #.....##
*,*,* #.....# *,*,*
#.>...# *,,,* ####.###
**,** #...#** *,* #.....#
***


You could see a hornet.

Vanquished Creatures
  Menkaure (D:4)
  Duvessa (D:6)
  An orc warrior (D:6)
  Blork the orc (D:4)
  An elf zombie (D:6)
  A water moccasin zombie (D:6)
  An elf skeleton (D:6)
  A howler monkey (D:4)
  4 centaur zombies (Ossuary)
  A crimson imp (D:6)
  2 hounds
  An orc priest (D:3)
  2 human zombies (Ossuary)
  A jelly (D:3)
  A bullfrog skeleton (D:4)
  Jessica (D:2)
  An iguana (D:6)
  A worker ant (D:7)
  An ogre zombie (Ossuary)
  A hound zombie (D:7)
  7 mummies (Ossuary)
  8 adders
  2 oozes
  4 adder zombies
  3 worms (D:2)
  A dart slug (D:3)
  2 leopard geckos
  11 orcs
  A ball python (D:2)
  2 giant cockroaches
  A gnoll zombie (Ossuary)
  A goblin (D:3)
  4 hobgoblins
  A quokka (D:3)
  5 bats
  6 frilled lizards
  2 goblin zombies (Ossuary)
  3 hobgoblin zombies (Ossuary)
  A jackal skeleton (D:4)
  3 kobolds
  3 kobold zombies (Ossuary)
  A leopard gecko skeleton (D:4)
  2 orc skeletons (D:6)
  2 orc zombies (D:6)
  A quokka skeleton (D:4)
  6 quokka zombies (Ossuary)
  5 rats
  3 rat zombies (Ossuary)
116 creatures vanquished.

Vanquished Creatures (collateral kills)
  Dowan (D:6)
1 creature vanquished.

Vanquished Creatures (others)
  A leopard gecko (D:7)
1 creature vanquished.

Grand Total: 118 creatures vanquished

Notes
Turn   | Place    | Note
-------+----------+-------------------------------------------
     0 | D:1      | Lavandula the Mummy Arcane Marksman began the quest for the Orb.
     0 | D:1      | Reached XP level 1. HP: 15/15 MP: 2/2
   201 | D:2      | Reached skill level 2 in Crossbows
   201 | D:2      | Reached XP level 2. HP: 10/21 MP: 2/4
   335 | D:2      | Reached XP level 3. HP: 23/26 MP: 5/5
   374 | D:2      | Noticed Jessica
   375 | D:2      | Killed Jessica
   375 | D:2      | Reached skill level 3 in Crossbows
   463 | D:2      | Found a bloodstained altar of Trog.
   497 | D:2      | Reached XP level 4. HP: 32/32 MP: 3/6
   682 | D:3      | You fall through a shaft!
   757 | D:3      | Reached skill level 4 in Crossbows
   965 | D:3      | Reached XP level 5. HP: 29/37 MP: 7/7
  1395 | D:4      | Noticed Menkaure
  1592 | D:3      | Learned a level 2 spell: Slow
  1681 | D:4      | Reached XP level 6. HP: 42/48 MP: 8/8
  1709 | D:4      | Killed Menkaure
  1789 | D:4      | Noticed Blork the orc
  1801 | D:4      | Killed Blork the orc
  2039 | D:5      | Entered Level 5 of the Dungeon
  2145 | D:6      | Found Zin's Purification Station.
  2148 | D:6      | Found a glowing silver altar of Zin.
  2178 | D:6      | Noticed Dowan
  2304 | D:6      | Found a shattered altar of Ashenzari.
  2314 | D:6      | Learned a level 4 spell: Cause Fear
  2412 | D:6      | Reached XP level 7. HP: 24/55 MP: 9/9
  2502 | D:6      | Found a sand-covered staircase.
  2520 | D:6      | Reached skill level 5 in Crossbows
  2595 | Ossuary  | Entered an ossuary
  3191 | Ossuary  | Reached skill level 6 in Crossbows
  3382 | D:7      | Noticed a hornet
  3454 | D:6      | Reached XP level 8. HP: 61/61 MP: 10/10
  3996 | D:6      | Found a staircase to the Ecumenical Temple.
  4004 | Temple   | Entered the Ecumenical Temple
  4079 | Temple   | Became a worshipper of Cheibriados the Contemplative
  4140 | D:6      | Reached skill level 7 in Crossbows
  4144 | D:6      | Found a white marble altar of Elyvilon.
  4202 | D:6      | Noticed Duvessa
  4217 | D:6      | Killed Duvessa
  4222 | D:6      | Killed Dowan
  4411 | D:7      | Found a radiant altar of Vehumet.
  4423 | D:7      | HP: 3/61 [worker ant (3)]
  4785 | D:7      | Slain by a hornet

Vault maps used:
D:1:      dpeg_arrival_rooms_b
D:2:      led_sif_pool, lightli_temple_of_fire, uniq_jessica
D:3:      first_bread, grunt_ministairs_9
D:4:      kiku_gazebo_pond_becter, amethyst_overflow_temple_binary,
          minmay_a_box_with_orc_wizards_in_it, uniq_blork_the_orc, uniq_menkaure
D:5:      bloody_trog
D:6:      marbit_many_paths, zin_purify, minmay_temple_entry_large_hall,
          nicolae_ossuary_entry_catacombs, ashenzari_altar_1, uniq_duvessa
D:7:      lemuel_doored_altar, fiery_altar_vehumet, old_standard_altar,
          kennysheep_mini_moat, nicolae_tso_besieged_by_evil,
          kennysheep_generic_room_15
Temple:   compressed_dpeg_triangle_lava_temple
Ossuary:  ossuary_boxes_badplayer

Skill      XL: |  1  2  3  4  5  6  7  8 |
---------------+-------------------------+-----
Crossbows      | 2 3 4 6 7 |  7.6
Fighting       | 4 |  4.9
Dodging        | |  1.5
Spellcasting   | |  1.4
Hexes          | |  2.9

Action                   |  1- 3 |  4- 6 |  7- 9 || total
-------------------------+-------+-------+-------++-------
Melee: Whip              |    30 |       |       ||    30
       Falchion          |       |    26 |    17 ||    43
       Spear             |       |     3 |       ||     3
       Short sword       |       |       |     1 ||     1
 Fire: Hand crossbow     |    37 |   133 |   239 ||   409
 Cast: Corona            |    12 |     7 |    15 ||    34
       Slow              |       |       |     6 ||     6
  Use: Scroll            |       |     4 |     6 ||    10
 Stab: Sleeping          |     1 |       |       ||     1
Armor: Robe              |    19 |    14 |    22 ||    55
       Ring mail         |       |       |    15 ||    15
Dodge: Dodged            |    42 |    57 |   109 ||   208
       Rpst.: Falchion   |       |     6 |     2 ||     8
